 Dungeon Crawl Stone Soup version 0.17.0-23-g0de4337 (webtiles) character file.

328 HaroldButt the Covert (level 6, -2/39 HPs)
             Began as an Octopode Assassin on Nov 13, 2015.
             Slain by Aelig's ghost (5 damage)
             ... on level 3 of the Dungeon.
             The game lasted 00:18:34 (3858 turns).

HaroldButt the Covert (Octopode Assassin)           Turns: 3858, Time: 00:18:35

Health: -2/39      AC:  1    Str: 10    XL:     6   Next: 50%
Magic:  6/6        EV: 14    Int: 13    God:
Gold:   212        SH:  0    Dex: 16    Spells: 0 memorised, 5 levels left

rFire  . . .     SeeInvis .     a - +2 dagger
rCold  . . .     Clarity  .     (no shield)
rNeg   + . .     SustAt   .     (helmet restricted)
rPois  .         Gourm    .     o - amulet of warding
rElec  .         Spirit   .     p - ring of stealth
rCorr  .         Warding  +     (no ring)
rMut   .         Stasis   .     (no ring)
MR     .....                    (no ring)
Stlth  +++++++...               (no ring)
                                (no ring)
                                (no ring)
                                (no ring)

@: not resistant to hostile enchantments, extremely stealthy
A: almost no armour, amphibious, 8 rings, constrict 8, camouflage 1, gelatinous
body 1
a: no special abilities


You were on level 3 of the Dungeon.
You were not hungry.

You visited 1 branch of the dungeon, and saw 4 of its levels.

You collected 212 gold pieces.

Inventory:

Hand Weapons
 a - a +2 dagger (weapon)
 b - a +0 blowgun
 B - a +1 war axe of chopping
 C - a +0 long sword of draining
 G - a +0 dagger of speed
Missiles
 c - 7 poisoned needles
 d - 2 curare-tipped needles
 g - 179 stones (quivered)
Armour
 n - a +0 buckler
Jewellery
 o - an amulet of warding (around mantle)
 p - a ring of stealth (left tentacle)
Wands
 E - a wand of slowing (31)
Scrolls
 i - a scroll of fear {unknown}
 j - 2 scrolls of identify {unknown}
 r - 2 scrolls of enchant weapon {unknown}
 s - 3 scrolls of remove curse {unknown}
 y - a scroll of fog {unknown}
 D - a scroll of teleportation {unknown}
Potions
 e - a potion of haste {unknown}
 f - a potion of lignification {unknown}
 h - a potion of agility {unknown}
 k - a potion of poison {unknown}
 l - a potion of resistance {unknown}
 t - a potion of cure mutation {unknown}
 v - a potion of degeneration {unknown}
 z - a potion of heal wounds {unknown}
 F - a potion of mutation {unknown}
 H - a potion of brilliance {unknown}
Comestibles
 m - a slice of pizza
 q - a beef jerky
 u - 2 bread rations
 x - a meat ration
 A - 5 chunks of flesh


   Skills:
 - Level 2.0 Fighting
 - Level 2.0 Short Blades
 - Level 2.0 Throwing
 + Level 3.7 Dodging
 - Level 8.5 Stealth
 - Level 2.0 Unarmed Combat


You had 5 spell levels left.
You didn't know any spells.

Dungeon Overview and Level Annotations

Branches:
Dungeon (4/15)
 Temple: D:4-7

Altars:
Okawaru
The Shining One

Annotations:
D:3 Aelig's ghost, amateur OpNe


Innate Abilities, Weirdness & Mutations

You cannot wear most types of armour.
You are amphibious.
You can wear up to eight rings at the same time.
You can use your tentacles to constrict eight enemies at once.
Your skin changes colour to match your surroundings (Stealth).
Your rubbery body absorbs attacks (AC +1).


Message History

You hit Aelig's ghost.
Aelig's ghost is almost destroyed.
You hit Aelig's ghost. Your squeeze misses Aelig's ghost.
Aelig's ghost is almost destroyed.
Aelig's ghost hits you.
You closely miss Aelig's ghost. Your squeeze misses Aelig's ghost.
Aelig's ghost is almost destroyed.
Aelig's ghost closely misses you.
You hit Aelig's ghost. Your squeeze misses Aelig's ghost.
Aelig's ghost is almost destroyed.
Aelig's ghost hits you.
* * * LOW HITPOINT WARNING * * *
You closely miss Aelig's ghost.
Aelig's ghost is almost destroyed.
Aelig's ghost hits you.
* * * LOW HITPOINT WARNING * * *
You hit Aelig's ghost.
Aelig's ghost is almost destroyed.
Aelig's ghost hits you.
You die...

# ##.......#### #####
#...##..##
....#####.####.#
###.....### #.##
#####.#### #..###
#....####...## ####
####...####..####..##
###.....)........# #
###.)...@W..#####.## ##
#####..[######...####..#
.## #.....###
#..>..###.# ..# #.#####
#.....# #.# #<###.#
###.### #.# ...##)# ###
#.# ......####
#####.###### .........##
#..........# .#........#
###..........#


You could see Aelig's ghost.

Vanquished Creatures
  A centaur (D:4)
  2 hounds (D:4)
  An orc wizard (D:3)
  A worker ant (D:4)
  5 adders
  2 oozes (D:1)
  A worm (D:4)
  3 giant geckos
  8 orcs
  2 ball pythons
  12 bats
  2 giant cockroaches
  5 goblins
  4 hobgoblins
  15 jackals
  4 quokkas
  8 giant newts
  5 kobolds
  A quokka skeleton (D:4)
  5 rats
87 creatures vanquished.

Notes
Turn   | Place    | Note
--------------------------------------------------------------
     0 | D:1      | HaroldButt the Octopode Assassin began the quest for the Orb.
     0 | D:1      | Reached XP level 1. HP: 14/14 MP: 1/1
   122 | D:1      | Reached XP level 2. HP: 16/19 MP: 2/2
   162 | D:1      | Reached skill level 6 in Stealth
   327 | D:1      | Reached XP level 3. HP: 22/24 MP: 3/3
   674 | D:2      | Reached skill level 7 in Stealth
  1458 | D:2      | Reached XP level 4. HP: 21/29 MP: 4/4
  2045 | D:3      | Reached skill level 8 in Stealth
  2184 | D:3      | Found a faded altar to an unknown god.
  2196 | D:3      | Became a worshipper of the Shining One
  2196 | D:3      | Reached * piety under the Shining One
  2224 | D:3      | Noticed Aelig's ghost (amateur OpNe)
  2641 | D:4      | Noticed a centaur
  2642 | D:4      | Fell from the grace of the Shining One
  2646 | D:4      | Reached XP level 5. HP: 7/34 MP: 5/5
  2655 | D:4      | Killed a centaur
  3048 | D:4      | Found an iron altar of Okawaru.
  3060 | D:4      | Reached XP level 6. HP: 37/39 MP: 6/6
  3677 | D:3      | Found a glowing golden altar of the Shining One.
  3858 | D:3      | Slain by Aelig's ghost

Action                   |  1- 3 |  4- 6 || total
-------------------------+-------+-------++-------
Melee: Dagger            |    86 |   156 ||   242
 Fire: Blowgun           |       |    10 ||    10
Throw: Stone             |     3 |     2 ||     5
Invok: Renounce Religion |       |     1 ||     1
  Use: Potion            |       |     3 ||     3
 Stab: Sleeping          |    11 |    13 ||    24
       Distracted        |     1 |     3 ||     4
  Eat: Chunk             |     2 |     3 ||     5
       Bread ration      |       |     1 ||     1
